 Dungeon Crawl Stone Soup version 0.31.0-12-g77e489cdc1 (webtiles) character file.

Game seed: 3179478181094612508

41421 Doomgape the Basher (level 14, -3/82 HPs)
             Began as a Gargoyle Fighter on Feb 28, 2024.
             Was a High Priest of Hepliaklqana.
             Killed from afar by a lindwurm (34 damage)
             ... with a blast of flame
             ... on level 5 of the Lair of Beasts.
             The game lasted 00:48:39 (14833 turns).

Doomgape the Basher (Gargoyle Fighter)             Turns: 14833, Time: 00:48:39

Health: -3/82      AC: 28    Str: 26    XL:     14   Next: 15%
Magic:  20/20      EV: 14    Int:  8    God:    Hepliaklqana [*****.]
Gold:   875        SH: 10    Dex:  9    Spells: 13/13 levels left

rFire   . . .        I - +3 morningstar (freeze)
rCold   . . .        c - +0 buckler
rNeg    + . .        m - +1 chain mail
rPois   ∞            (no helmet)
rElec   +            (no cloak)
rCorr   .            w - +1 pair of gloves
SInv    +            t - +1 pair of boots
Will    +....        l - amulet of reflection Stlth
                     s - +5 ring of evasion
HPRegen 0.33/turn    B - ring of see invisible
MPRegen 0.17/turn

%: reflection
@: flying
A: reduced essence, sickness immunity, AC +10, big wings, negative energy
resistance 1, electricity resistance, torment resistance 1, petrification
resistance
a: Renounce Religion, Recall Ancestor, Ancestor Identity, Transference, Idealise


You were on level 5 of the Lair of Beasts.
You worshipped Hepliaklqana.
Hepliaklqana was extremely pleased with you.
You visited 3 branches of the dungeon, and saw 17 of its levels.

You collected 1077 gold pieces.
You spent 202 gold pieces at shops.

Inventory:

Hand Weapons
 a - a +1 flail of flaming
 I - a +3 morningstar of freezing (weapon)
Missiles
 z - 5 silver javelins (quivered)
 E - 4 throwing nets
Armour
 c - a +0 buckler (worn)
 m - a +1 chain mail (worn)
 t - a +1 pair of boots (worn)
 w - a +1 pair of gloves (worn)
Jewellery
 l - an amulet of reflection (around neck)
 s - a +5 ring of evasion (left hand)
 v - a ring of fire
 B - a ring of see invisible (right hand)
Wands
 i - a wand of mindburst (13)
 o - a wand of roots (14)
 u - a wand of quicksilver (6)
 D - a wand of flame (4)
 G - a wand of polymorph (3)
Scrolls
 b - 5 scrolls of teleportation
 d - 3 scrolls of immolation
 f - 6 scrolls of identify
 j - 4 scrolls of blinking
 y - 2 scrolls of revelation
 H - 2 scrolls of enchant armour
 K - a scroll of brand weapon
 L - 2 scrolls of fog
 M - a scroll of poison {unknown}
Potions
 e - a potion of mutation
 g - a potion of cancellation
 h - 3 potions of curing
 n - 4 potions of haste
 p - a potion of magic
 q - a potion of attraction
 r - a potion of resistance {unknown}
 x - 2 potions of lignification
 A - 2 potions of invisibility
 C - 3 potions of might
 F - 2 potions of enlightenment
Miscellaneous
 k - a box of beasts


   Skills:
 - Level 12.1 Fighting
 + Level 14.6 Maces & Flails
 - Level 12.0 Armour
 + Level 9.1 Shields
 - Level 9.0 Invocations
 + Level 5.4 Evocations


You had 13 spell levels left.
You didn't know any spells.
Your spell library contained the following spells:

 Spells                   Type           Power      Damage    Failure   Level
 Apportation              Tloc           0%         N/A       87%         1
 Foxfire                  Conj/Fire      0%         2x1d4     87%         1
 Sting                    Conj/Alch      0%         1d3       87%         1
 Blink                    Tloc           0%         N/A       95%         2
 Jinxbite                 Hex            0%         N/A       95%         2
 Lesser Beckoning         Tloc           0%         N/A       95%         2
 Mercury Vapours          Alch/Air       0%         N/A       95%         2
 Momentum Strike          Conj/Tloc      0%         3d8       95%         2
 Dazzling Flash           Conj/Hex       0%         N/A       99%         3
 Gell's Gravitas          Tloc           0%         N/A       99%         3
 Mephitic Cloud           Conj/Alch/Air  0%         N/A       99%         3
 Teleport Other           Tloc           0%         N/A       99%         3
 Olgreb's Toxic Radiance  Alch           0%         N/A       100%        4
 Alistair's Intoxication  Alch           0%         N/A       100%        5
 Curse of Agony           Necr           0%         N/A       100%        5
 Silence                  Hex/Air        0%         N/A       100%        5
 Plasma Beam              Fire/Air       0%         2x1d10    100%        6
 Starburst                Conj/Fire      0%         6d3       100%        6


Dungeon Overview and Level Annotations

Branches:
Dungeon (11/15)            Temple (1/1) D:6            Lair (5/5) D:11
  Swamp (0/4) Lair:3       Spider (0/4) Lair:2        Slime (0/5) Lair:5
    Orc (0/2) D:9

Altars:
Ashenzari
Cheibriados
Dithmenos
Elyvilon
Fedhas
Gozag
Hepliaklqana
Kikubaaqudgha
Makhleb
Nemelex Xobeh
Okawaru
Qazlal
Ru
Sif Muna
Trog
Uskayaw
Vehumet
Wu Jian
Xom
Yredelemnul
Zin
The Shining One
Jiyva

Shops:
D:3 !   D:7 =[

Annotations:
D:4 2 transporters


Innate Abilities, Weirdness & Mutations

Your life essence is reduced to manifest your ancestor. (-10% HP)
You are immune to sickness and miasma.
Your stone body is resilient. (AC +10)
You are immune to poison.
Your large and strong wings let you fly.
You resist negative energy. (rN+)
You are resistant to electric shocks. (rElec)
You are resistant to unholy torment.
You are immune to petrification.


Message History

A basilisk comes into view.
The basilisk hisses angrily.
You block the lava snake's attack.
You bludgeon the lava snake!! You freeze the lava snake.
You kill the lava snake!
Luna casts a spell at the basilisk.
The puff of frost hits the basilisk!
Luna points at the basilisk and mumbles some strange words.
The puff of frost hits the basilisk!
You catch the helpless basilisk completely off-guard!
You hit the basilisk.
The basilisk seems to slow down.
You freeze the basilisk.
The basilisk is severely wounded.
Luna points at the basilisk and mumbles some strange words.
The stone arrow hits the basilisk!
The basilisk dies!
The lindwurm breathes flames at you. The blast of flame hits you.
The lindwurm bites you!
* * * LOW HITPOINT WARNING * * *
The lindwurm barely misses you. x2
You hit the lindwurm but do no damage. You block the lindwurm's attack. x2
The lindwurm misses you.
You hit the lindwurm. You freeze the lindwurm.
The lindwurm is lightly wounded.
Luna casts a spell at the lindwurm.
The stone arrow misses the lindwurm.
The lindwurm breathes flames at you. The blast of flame hits you!!
* * * LOW HITPOINT WARNING * * *
The blast of flame misses Luna.
You feel better.
The lindwurm bites you but does no damage.
The lindwurm misses you. x2
You feel better.
The lindwurm bites you but does no damage.
The lindwurm claws you but does no damage. x2
You feel better. The lindwurm breathes flames at you.
The blast of flame hits you!!
You die...

.....####..## #......#
#P... ...##########..
####...# #P... #.=R##..#
##.. ##..# ##..#
........# #...# ####
##..# ###P#..##
#....###### ##≈##....
####.# ##.....#.#8#
≈§§##...P ###
8#.........## #≈≈# #...#
#.....k....8##≈≈# ##..P
#.@.....§§## #...
...#.R...#§§§§# #..#
#≈.....#§§§§# #..#
...§§...#...##≈## #†..
.#≈§≈≈###≈§.†#≈§## #..#
≈≈≈..§≈≈≈§§##)§≈≈###..#
#.§.######§≈#...§≈8##..#
#≈.##.. ##§§...§§####..
.. #≈≈§..§≈≈####.


You could see the friendly Luna the battlemage and a lindwurm (catching breath,
ally target).

Vanquished Creatures
  Kirke (Lair:4)
  A boulder beetle (Lair:3)
  4 two-headed ogres
  5 death yaks
  A skyshark (Lair:5)
  Pikel (D:5)
  A black mamba (Lair:3)
  A molten gargoyle (Lair:5)
  2 cane toads
  2 rime drakes
  An unseen horror (D:8)
  5 komodo dragons
  3 polar bears
  2 trolls
  A merfolk (D:10)
  4 blink frogs
  A hornet (D:9)
  3 culicivoras (Lair:2)
  2 centaur simulacra (D:11)
  7 wyverns
  3 wraiths
  36 yaks
  5 steam dragons
  2 wargs
  3 vampire mosquitoes (Lair:3)
  3 basilisks
  An acid dragon (D:11)
  A hell hound (Lair:5)
  8 water moccasins
  4 orc warriors
  3 ice beasts
  4 black bears
  2 sky beasts
  13 wolves
  2 centaurs
  A lemure (D:4)
  2 kobold brigands
  A gnoll sergeant (D:10)
  5 bullfrogs
  A scorpion (D:5)
  3 wights (D:10)
  13 killer bees
  5 howler monkeys
  An electric eel (D:11)
  A lava snake (Lair:5)
  3 hounds
  2 jellies (D:4)
  5 orc priests
  3 iguanas
  A sleepcap (D:6)
  4 orc wizards
  3 gnolls (D:10)
  5 adders
  3 white imps
  3 ufetubi
  A ribbon worm (D:3)
  3 dart slugs (D:2)
  39 orcs
  5 ball pythons
  5 bats
  10 endoplasms
  A giant cockroach (D:1)
  8 goblins
  3 hobgoblins
  A jackal (D:4)
  15 kobolds
  A quokka (D:4)
  3 frilled lizards
  5 rats
303 creatures vanquished.

Vanquished Creatures (collateral kills)
  2 hydras
  A two-headed ogre (D:10)
  3 black mambas
  5 cane toads
  2 komodo dragons (Lair:5)
  A rime drake (Lair:4)
  A troll (D:10)
  2 blink frogs
  A hornet (D:7)
  A culicivora (Lair:2)
  A wyvern (Lair:1)
  A centaur simulacrum (D:11)
  23 yaks
  2 hogs (Lair:4)
  4 vampire mosquitoes (Lair:3)
  4 basilisks
  A steam dragon (Lair:4)
  2 acid dragons
  2 hell hounds (Lair:5)
  3 water moccasins
  A black bear (Lair:2)
  An ice beast (D:11)
  10 wolves
  4 bullfrogs
  A scorpion (D:6)
  A bombardier beetle (D:6)
  2 lava snakes (Lair:5)
  A hound (D:7)
  3 orc priests (D:11)
  3 adders
  3 dart slugs
  3 orcs
  A jackal (D:4)
  2 kobolds (D:6)
98 creatures vanquished.

Vanquished Creatures (others)
  A human (Lair:4)
  A swamp drake (Lair:4)
  8 battlemagi
  A white imp (D:11)
  An ancestor (D:4)
  A kobold (D:6)
13 creatures vanquished.

Grand Total: 414 creatures vanquished

Notes
Turn   | Place    | Note
-------+----------+-------------------------------------------
     0 | D:1      | Doomgape the Gargoyle Fighter began the quest for the Orb.
     0 | D:1      | Reached XP level 1. HP: 14/14 MP: 1/1
   156 | D:1      | Reached XP level 2. HP: 19/19 MP: 2/2
   846 | D:2      | Reached XP level 3. HP: 21/23 MP: 3/3
  1409 | D:3      | Found a sparkling altar of Nemelex Xobeh.
  1410 | D:3      | Found a glowing silver altar of Zin.
  1410 | D:3      | Found an ornate altar of the Wu Jian Council.
  1411 | D:3      | Found a hazy altar of Hepliaklqana.
  1422 | D:3      | Became a worshipper of Hepliaklqana the Forgotten
  1483 | D:3      | Found Gyfeciusm's Distillery.
  1547 | D:3      | Reached XP level 4. HP: 29/29 MP: 4/4
  1881 | D:3      | Found a faded altar of an unknown god.
  1976 | D:3      | Reached skill level 3 in Maces & Flails
  2190 | D:4      | Reached XP level 5. HP: 33/33 MP: 5/5
  2397 | D:4      | Reached * piety under Hepliaklqana
  2399 | D:4      | Found a transporter.
  2422 | D:4      | Found a transporter.
  2440 | D:4      | Reached XP level 6. HP: 8/35 MP: 6/6
  2875 | D:5      | Entered Level 5 of the Dungeon
  2880 | D:5      | Noticed Pikel
  2945 | D:5      | Noticed an ice beast
  2956 | D:5      | Killed an ice beast
  2957 | D:5      | Reached skill level 5 in Fighting
  2957 | D:5      | Reached skill level 5 in Armour
  2957 | D:5      | Reached skill level 5 in Shields
  2975 | D:5      | Reached XP level 7. HP: 39/39 MP: 7/7
  2984 | D:5      | Reached skill level 4 in Maces & Flails
  3001 | D:5      | Killed Pikel
  3002 | D:5      | Reached XP level 8. HP: 37/45 MP: 8/8
  3012 | D:5      | Reached skill level 5 in Maces & Flails
  3712 | D:6      | Reached skill level 6 in Maces & Flails
  3720 | D:6      | Reached XP level 9. HP: 51/51 MP: 9/9
  3860 | D:6      | Found a broken altar of Ashenzari.
  3912 | D:6      | Found a staircase to the Ecumenical Temple.
  3921 | Temple   | Entered the Ecumenical Temple
  4041 | D:6      | Reached ** piety under Hepliaklqana
  4668 | D:7      | Found Kiticil's Jewellery Boutique.
  4841 | D:7      | Noticed a hornet
  4859 | D:7      | Killed a hornet
  4860 | D:7      | Reached skill level 7 in Maces & Flails
  5155 | D:7      | Found Josiz's Antique Armour Boutique.
  5160 | D:7      | Bought a shiny helmet for 202 gold pieces
  5288 | D:8      | Reached *** piety under Hepliaklqana
  5347 | D:8      | Found a radiant altar of Vehumet.
  5854 | D:8      | Killed an unseen horror
  5855 | D:8      | Reached XP level 10. HP: 56/59 MP: 10/10
  6254 | D:9      | Found a staircase to the Orcish Mines.
  6292 | D:8      | Reached skill level 8 in Maces & Flails
  6451 | D:9      | Noticed a two-headed ogre
  6495 | D:8      | Killed a two-headed ogre
  6949 | D:9      | Noticed a two-headed ogre
  6968 | D:9      | Killed a two-headed ogre
  6969 | D:9      | Reached skill level 10 in Fighting
  6969 | D:9      | Reached skill level 10 in Armour
  7085 | D:9      | Reached skill level 9 in Maces & Flails
  7156 | D:9      | Reached **** piety under Hepliaklqana
  7627 | D:10     | Entered Level 10 of the Dungeon
  7627 | D:10     | Noticed a two-headed ogre
  7642 | D:9      | Reached XP level 11. HP: 52/65 MP: 11/11
  7729 | D:10     | Killed a two-headed ogre
  8295 | D:10     | Noticed a two-headed ogre
  8307 | D:10     | Killed a two-headed ogre
  8308 | D:10     | Reached skill level 10 in Maces & Flails
  8442 | D:10     | Found a shimmering blue altar of Sif Muna.
  8452 | D:10     | Remembered your ancestor Luna as a battlemage
  8610 | D:10     | Noticed a two-headed ogre
  8615 | D:10     | Killed a two-headed ogre
  9195 | D:11     | Found a staircase to the Lair.
  9268 | D:11     | Noticed a skeletal warrior
  9279 | D:11     | Noticed a skeletal warrior
  9280 | D:11     | Noticed a skeletal warrior
  9315 | Lair:1   | Entered Level 1 of the Lair of Beasts
  9526 | Lair:1   | Reached skill level 1 in Invocations
  9526 | Lair:1   | Reached XP level 12. HP: 63/72 MP: 12/12
  9586 | Lair:1   | Reached skill level 11 in Maces & Flails
 10521 | Lair:2   | Reached ***** piety under Hepliaklqana
 10801 | Lair:2   | Reached skill level 5 in Invocations
 10922 | Lair:2   | Reached skill level 12 in Maces & Flails
 11113 | Lair:2   | Found a hole to the Spider Nest.
 11547 | Lair:3   | Found a staircase to the Swamp.
 11581 | Lair:3   | Noticed a death yak
 11583 | Lair:3   | Noticed a death yak
 11583 | Lair:3   | Noticed a death yak
 11592 | Lair:3   | Noticed a death yak
 11627 | Lair:2   | Killed a death yak
 11795 | Lair:3   | Noticed a death yak
 11849 | Lair:2   | Killed a death yak
 11856 | Lair:2   | Reached XP level 13. HP: 47/77 MP: 18/18
 12025 | Lair:3   | Reached skill level 13 in Maces & Flails
 12669 | Lair:3   | Reached skill level 1 in Evocations
 13022 | Lair:4   | Noticed Kirke
 13036 | Lair:4   | Killed Kirke
 13704 | Lair:4   | Reached skill level 14 in Maces & Flails
 14136 | Lair:5   | Entered Level 5 of the Lair of Beasts
 14136 | Lair:5   | Found a staircase to the Slime Pits.
 14136 | Lair:5   | Found a viscous altar of Jiyva.
 14461 | Lair:5   | Gained mutation: Your large and strong wings let you fly.
                  | [Gargoyle growth]
 14461 | Lair:5   | Reached XP level 14. HP: 82/82 MP: 20/20
 14758 | Lair:5   | Reached skill level 5 in Evocations
 14833 | Lair:5   | Killed from afar by a lindwurm

Illustrated notes

Levels and vault maps discovered:
D:1:      onia_arrival_pentagram, layout_basic, reono_crystal_passage
D:2:      layout_loops_ring
D:3:      layout_loops_ring, chequers_temple_overflow_statue_of_worship,
          ebering_ecumenical_altar_petrified, serial_shops,
          nicolae_shop_industrial_runoff, hangedman_decor_points, corexii_shack,
          minivault_11, minmay_misc_feat_room, kennysheep_orc_chapel
D:4:      gammafunk_wand_slinger, layout_basic
D:5:      nicolae_cairo_tiling_large_dashed, layout_rooms,
          kennysheep_windowed_goal, uniq_pikel
D:6:      layout_loops_ring, cheibrodos_ashenzari_chains,
          minmay_temple_entry_antechambers, kennysheep_generic_room_11
D:7:      layout_loops_ring, serial_shops, shop, grunt_ministairs_11,
          minmay_shop_enchanted_jewellery
D:8:      layout_layer_cave, mainiacjoe_overflow_paths, minmay_misc_feat_square,
          fungi_pond_lemuel
D:9:      layout_cave_pools, minmay_orc_entry_guard_dogs,
          serial_co_window_serial, co_window_paths_b, co_window_paths_a,
          co_window_paths_a, co_window_paths_a, co_window_paths_a,
          co_window_unsneaky_path_c, co_window_corner_b, co_window_2corner,
          co_window_corner_ca, co_window_corner_b, glass_columns_b,
          glass_columns_a, glass_columns_c, glass_columns_b, enter_bailey_3
D:10:     layout_long_grid, old_standard_altar, special_room [special_room_orc],
          grunt_ministairs_2, hangedman_fish_farm
D:11:     layout_loops_ring, erik_lair_orcish_takeover, serial_ice,
          serial_ice_o, serial_ice_k, serial_ice_b, serial_ice_g, serial_ice_f,
          serial_ice_n, serial_ice_h, serial_ice_a, portal_ice_cave_entry_imps,
          serial_shops, bzr_entry_gold, serial_bayou_pond_d
Temple:   nicolae_temple_bog_church
Lair:1:   layout_cave_pods
Lair:2:   layout_long_grid, hellmonk_spider_entry_life_and_decay, minivault_27
Lair:3:   layout_cave_pods, minmay_swamp_entry_swarm
Lair:4:   layout_regular_city, guppyfry_lair_drakes, grunt_megastairs_5,
          uniq_kirke
Lair:5:   cheibrodos_lair_end_hotspot, layout_small_grid, slime_entry_1,
          infiniplex_staircase_pool

Skill      XL: |  1  2  3  4  5  6  7  8  9 10 11 12 13 14 |
---------------+-------------------------------------------+-----
Shields        | 4 5 6 8 9 |  9.1
Fighting       | 4 5 7 9 10 12 | 12.1
Armour         | 4 5 7 8 10 12 | 12.0
Maces & Flails | 3 4 6 7 9 10 12 14 | 14.6
Invocations    | 1 7 9 |  9.0
Evocations     | 4 5 |  5.4

Action                     |  1- 3 |  4- 6 |  7- 9 | 10-12 | 13-15 || total
---------------------------+-------+-------+-------+-------+-------++-------
  Melee: Flail             |   126 |   107 |   250 |   327 |       ||   810
         Morningstar       |       |       |       |   269 |   256 ||   525
 Invoke: Ancestor Identity |       |     1 |       |       |       ||     1
         Recall Ancestor   |       |       |       |     2 |     1 ||     3
         Ancestor Life: Ba |       |       |       |     1 |       ||     1
  Evoke: Wand              |       |       |       |    16 |     8 ||    24
    Use: Scroll            |     3 |     5 |     8 |     2 |     3 ||    21
         Potion            |       |     1 |     5 |     2 |     4 ||    12
   Stab: Distracted        |       |       |       |     4 |     5 ||     9
 Armour: Scale mail        |    81 |       |       |       |       ||    81
         Chain mail        |     8 |    58 |   258 |   383 |   154 ||   861
  Dodge: Dodged            |    70 |    32 |   103 |   350 |   146 ||   701
  Block: Buckler           |    32 |    43 |   145 |   370 |   124 ||   714
         Reflection        |       |     1 |     6 |     2 |       ||     9
